NYP
SPOKANE INDIANS @ CONNECTICUT TIGERS
04/09/2044
 
TOP OF THE 1ST
Spokane Indians batting - Pitching for Connecticut Tigers : RHP Dale Gilbert
Pitching: RHP Dale Gilbert
Batting: RHB Theo van Gent 0-0: Ball
1-0: Bunt missed!
1-1: Ball
2-1: Ball
3-1: Base on Balls
Batting: LHB Franklin Quezada 0-0: Called Strike
0-1: Ball
1-1: Ball
2-1: Fielders Choice at 2nd, 3-6 (Groundball, 3, EV 105.0 MPH)
Batting: RHB Dennis Daniels 0-0: Ball
Franklin Quezada steals 2nd base
1-0: Ball
Franklin Quezada steals 3rd base
2-0: Ball
3-0: Base on Balls
Batting: LHB Ben Radach 0-0: Ball
Dennis Daniels steals 2nd base
1-0: Ball
Wild Pitch!
Franklin Quezada scores
Dennis Daniels to third
2-0: Called Strike
2-1: Swinging Strike
2-2: Foul Ball, location: 2F
2-2: Ball
Wild Pitch!
Dennis Daniels scores
3-2: Ground out 4-3 (Groundball, 4, EV 106.2 MPH)
Batting: RHB Jason Swisher 0-0: Ball
1-0: Foul Ball, location: 2F
1-1: Foul Ball, location: 2F
1-2: Ball
2-2: Foul Ball, location: 2F
2-2: DOUBLE (Line Drive, 9LS, EV 91.9 MPH) - OUT at third base trying to stretch hit.
Top of the 1st over - 2 runs, 1 hit, 0 errors, 0 left on base; Spokane 2 - Connecticut 0
BOTTOM OF THE 1ST
Connecticut Tigers batting - Pitching for Spokane Indians : RHP Ethan Massey
Pitching: RHP Ethan Massey
Batting: RHB Brandon O'Malley 0-0: Called Strike
0-1: Foul Ball, location: 2F
0-2: Fly out, F7 (Line Drive, 7, EV 92.5 MPH)
Batting: RHB Keith Hoffman 0-0: Called Strike
0-1: Foul Ball, location: 2F
0-2: Foul Ball, location: 2F
0-2: Strikes out swinging
Batting: RHB Eric Angelle 0-0: Ball
1-0: Foul Ball, location: 2F
1-1: Called Strike
1-2: Ball
2-2: Ball
3-2: SINGLE (Groundball, 56D, EV 100.0 MPH)
Batting: RHB Jon Goldstein 0-0: Ball
1-0: Ball
2-0: Called Strike
2-1: Foul Ball, location: 2F
2-2: Strikes out swinging
Bottom of the 1st over - 0 runs, 1 hit, 0 errors, 1 left on base; Spokane 2 - Connecticut 0
TOP OF THE 2ND
Spokane Indians batting - Pitching for Connecticut Tigers : RHP Dale Gilbert
Batting: RHB Rodolfo Contreras 0-0: Called Strike
0-1: Ground out 5-3 (Groundball, 56, EV 93.1 MPH)
Batting: LHB Mike Sammons 0-0: SINGLE (Groundball, 56, EV 83.8 MPH) (infield hit)
Batting: RHB Garrison Feltham 0-0: Ball
Mike Sammons steals 2nd base
1-0: Ball
2-0: Swinging Strike
2-1: Swinging Strike
2-2: Ball
3-2: Ground out 1-3 (Groundball, 34S, EV 68.1 MPH)
Mike Sammons to third
Batting: RHB Alex Vasquez 0-0: Called Strike
0-1: Ball
Wild Pitch!
Mike Sammons scores
1-1: Swinging Strike
1-2: Strikes out swinging
Top of the 2nd over - 1 run, 1 hit, 0 errors, 0 left on base; Spokane 3 - Connecticut 0
BOTTOM OF THE 2ND
Connecticut Tigers batting - Pitching for Spokane Indians : RHP Ethan Massey
Batting: SHB Sean Foley 0-0: Swinging Strike
0-1: Swinging Strike
0-2: Ball
1-2: Strikes out swinging
Batting: RHB Tanner Purchase 0-0: Called Strike
0-1: Ball
1-1: Ball
2-1: Foul Ball, location: 2F
2-2: DOUBLE (Flyball, 89D, EV 113.1 MPH)
Batting: RHB Tommy McDonald 0-0: Called Strike
Tanner Purchase steals 3rd base
0-1: Ground out 6-3 (Groundball, 56, EV 79.4 MPH)
Tanner Purchase scores
Batting: RHB Mike Sebastian 0-0: Foul Ball, location: 2F
0-1: Swinging Strike
0-2: Foul Ball, location: 2F
0-2: Foul Ball, location: 2F
0-2: Ball
1-2: Ball
2-2: Foul Ball, location: 2F
2-2: Ball
3-2: Fly out, F6 (Flyball, 56D, EV 80.0 MPH)
Bottom of the 2nd over - 1 run, 1 hit, 0 errors, 0 left on base; Spokane 3 - Connecticut 1
TOP OF THE 3RD
Spokane Indians batting - Pitching for Connecticut Tigers : RHP Dale Gilbert
Batting: RHB Theo van Gent 0-0: Called Strike
0-1: Called Strike
0-2: Foul Ball, location: 2F
0-2: Foul Ball, location: 2F
0-2: Ball
1-2: Ball
2-2: Ball
3-2: Base on Balls
Batting: LHB Franklin Quezada 0-0: Called Strike
Theo van Gent steals 2nd base
0-1: Called Strike
Theo van Gent steals 3rd base
0-2: Ball
1-2: Ball
2-2: Foul Ball, location: 2F
2-2: Foul Ball, location: 2F
2-2: Fly out, F7 (Flyball, 7, EV 83.1 MPH)
Runner from 3rd tags up, SCORES, no throw by LF
Batting: RHB Dennis Daniels 0-0: Ball
1-0: Called Strike
1-1: Ground out 6-3 (Groundball, 6, EV 81.9 MPH)
Batting: LHB Ben Radach 0-0: Ball
1-0: Ball
2-0: Foul Ball, location: 2F
2-1: Ball
3-1: Foul Ball, location: 2F
3-2: Foul Ball, location: 2F
3-2: SINGLE (Flyball, 7LS, EV 90.0 MPH)
Batting: RHB Jason Swisher 0-0: Foul Ball, location: 2F
0-1: Called Strike
0-2: Strikes out swinging
Top of the 3rd over - 1 run, 1 hit, 0 errors, 1 left on base; Spokane 4 - Connecticut 1
BOTTOM OF THE 3RD
Connecticut Tigers batting - Pitching for Spokane Indians : RHP Ethan Massey
Batting: RHB Billy Verdusco 0-0: Swinging Strike
0-1: Called Strike
0-2: Fly out, F9 (Flyball, 9, EV 92.5 MPH)
Batting: RHB Brandon O'Malley 0-0: Foul Ball, location: 2F
0-1: Foul Ball, location: 2F
0-2: Strikes out looking
Batting: RHB Keith Hoffman 0-0: Ball
1-0: Ball
2-0: Called Strike
2-1: TRIPLE (Line Drive, 89XD, EV 109.4 MPH)
Batting: RHB Eric Angelle 0-0: Ball
1-0: Swinging Strike
1-1: Ball
Wild Pitch!
Keith Hoffman scores
2-1: Ball
3-1: Foul Ball, location: 2F
3-2: Foul Ball, location: 2F
3-2: Base on Balls
Batting: RHB Jon Goldstein 0-0: Ball
1-0: Ball
Wild Pitch!
Eric Angelle to second
2-0: Called Strike
2-1: Foul Ball, location: 2F
2-2: Strikes out swinging
Bottom of the 3rd over - 1 run, 1 hit, 0 errors, 1 left on base; Spokane 4 - Connecticut 2
TOP OF THE 4TH
Spokane Indians batting - Pitching for Connecticut Tigers : RHP Dale Gilbert
Batting: RHB Rodolfo Contreras 0-0: Foul Ball, location: 2F
0-1: Ball
1-1: Ball
2-1: SINGLE (Groundball, 6MD, EV 98.8 MPH)
Batting: LHB Mike Sammons 0-0: Ball
Rodolfo Contreras is caught stealing 2nd base 2-6
1-0: SOLO HOME RUN (Flyball, 7LD, EV 92.5 MPH), Distance : 362 ft
Pitching: LHP Chris Woodruff
Batting: RHB Garrison Feltham 0-0: Called Strike
0-1: Foul Ball, location: 2F
0-2: Ground out 6-3 (Groundball, 6, EV 109.4 MPH)
Batting: RHB Alex Vasquez 0-0: Called Strike
0-1: Ball
1-1: Called Strike
1-2: Strikes out looking
Top of the 4th over - 1 run, 2 hits, 0 errors, 0 left on base; Spokane 5 - Connecticut 2
BOTTOM OF THE 4TH
Connecticut Tigers batting - Pitching for Spokane Indians : RHP Ethan Massey
Batting: SHB Sean Foley 0-0: Foul Ball, location: 2F
0-1: SOLO HOME RUN (Flyball, 7LD, EV 97.5 MPH), Distance : 361 ft
Batting: RHB Tanner Purchase 0-0: Foul Ball, location: 2F
0-1: Ball
1-1: Called Strike
1-2: Ball
2-2: Strikes out swinging
Batting: RHB Tommy McDonald 0-0: Ball
1-0: Ball
2-0: Ball
3-0: Called Strike
3-1: Fly out, F8 (Line Drive, 8LM, EV 88.8 MPH)
Batting: RHB Mike Sebastian 0-0: Called Strike
0-1: Ball
1-1: Ball
2-1: Foul Ball, location: 2F
2-2: Ball
3-2: Foul Ball, location: 2F
3-2: Strikes out swinging
Bottom of the 4th over - 1 run, 1 hit, 0 errors, 0 left on base; Spokane 5 - Connecticut 3
TOP OF THE 5TH
Spokane Indians batting - Pitching for Connecticut Tigers : LHP Chris Woodruff
Batting: RHB Theo van Gent 0-0: Called Strike
0-1: Foul Ball, location: 2F
0-2: Ground out 1-3 (Groundball, 15, EV 67.5 MPH)
Batting: LHB Franklin Quezada 0-0: Called Strike
0-1: Ball
1-1: TRIPLE (Flyball, 78XD, EV 98.1 MPH)
Batting: RHB Dennis Daniels 0-0: Ground out 6-3 (Groundball, 6, EV 86.9 MPH)
Franklin Quezada scores
Batting: LHB Ben Radach 0-0: Called Strike
0-1: Foul Ball, location: 2F
0-2: Ball
1-2: Ball
2-2: Strikes out swinging
Top of the 5th over - 1 run, 1 hit, 0 errors, 0 left on base; Spokane 6 - Connecticut 3
BOTTOM OF THE 5TH
Connecticut Tigers batting - Pitching for Spokane Indians : RHP Ethan Massey
Batting: RHB Billy Verdusco 0-0: Swinging Strike
0-1: Ball
1-1: Foul Ball, location: 2F
1-2: Ball
2-2: Ball
3-2: Foul Ball, location: 2F
3-2: Strikes out swinging
Batting: RHB Brandon O'Malley 0-0: Ball
1-0: Ground out 5-3 (Groundball, 5S, EV 70.0 MPH)
Batting: RHB Keith Hoffman 0-0: Foul Ball, location: 2F
0-1: SINGLE (Groundball, 4MD, EV 96.9 MPH)
Batting: RHB Eric Angelle 0-0: Ball
1-0: Called Strike
1-1: Swinging Strike
1-2: Strikes out swinging
Bottom of the 5th over - 0 runs, 1 hit, 0 errors, 1 left on base; Spokane 6 - Connecticut 3
TOP OF THE 6TH
Spokane Indians batting - Pitching for Connecticut Tigers : LHP Chris Woodruff
Batting: RHB Jason Swisher 0-0: Ball
1-0: Called Strike
1-1: Called Strike
1-2: Strikes out swinging
Batting: RHB Rodolfo Contreras 0-0: Called Strike
0-1: Called Strike
0-2: Ball
1-2: Strikes out looking
Batting: LHB Mike Sammons 0-0: Called Strike
0-1: Foul Ball, location: 2F
0-2: Ball
1-2: Ball
2-2: Foul Ball, location: 2F
2-2: Ball
3-2: Strikes out looking
Top of the 6th over - 0 runs, 0 hits, 0 errors, 0 left on base; Spokane 6 - Connecticut 3
BOTTOM OF THE 6TH
Connecticut Tigers batting - Pitching for Spokane Indians : RHP Ethan Massey
Batting: RHB Jon Goldstein 0-0: Ball
1-0: Ball
2-0: Fly out, F8 (Flyball, 8LS, EV 71.9 MPH)
Pitching: RHP David Torres
Batting: SHB Sean Foley 0-0: Called Strike
0-1: Called Strike
0-2: Foul Ball, location: 2F
0-2: Ground out 4-3 (Groundball, 4M, EV 105.6 MPH)
Batting: RHB Tanner Purchase 0-0: Ball
1-0: Swinging Strike
1-1: Called Strike
1-2: TRIPLE (Flyball, 8LXD, EV 100.6 MPH)
Batting: RHB Tommy McDonald 0-0: Ball
1-0: Called Strike
1-1: Ball
2-1: Fly out, F9 (Flyball, 89S, EV 75.6 MPH)
Bottom of the 6th over - 0 runs, 1 hit, 0 errors, 1 left on base; Spokane 6 - Connecticut 3
TOP OF THE 7TH
Spokane Indians batting - Pitching for Connecticut Tigers : LHP Chris Woodruff
Pitching: LHP Neil Palazzo
Batting: RHB Garrison Feltham 0-0: Ball
1-0: Called Strike
1-1: Foul Ball, location: 2F
1-2: TRIPLE (Groundball, 3L, EV 105.6 MPH)
Batting: RHB Alex Vasquez 0-0: Ball
1-0: Called Strike
1-1: Swinging Strike
1-2: Fly out, F7 (Flyball, 7LM, EV 88.1 MPH)
Batting: RHB Theo van Gent 0-0: Swinging Strike
0-1: Ball
1-1: Foul Ball, location: 2F
1-2: Strikes out looking
Pinch Hitting: RHB David Rodgers 0-0: Called Strike
0-1: Ball
1-1: Reached on error, E1 (Groundball, 15S, EV 68.1 MPH)
Garrison Feltham scores
Batting: RHB Dennis Daniels 0-0: Ball
1-0: Fly out, F8 (Flyball, 8RM, EV 85.0 MPH)
Top of the 7th over - 1 run, 1 hit, 1 error, 1 left on base; Spokane 7 - Connecticut 3
BOTTOM OF THE 7TH
Connecticut Tigers batting - Pitching for Spokane Indians : RHP David Torres
Now in LF: Antonio Pacheco
Now in RF: Joe Kemp
Batting: RHB Mike Sebastian 0-0: Ball
1-0: Ball
2-0: Ball
3-0: Called Strike
3-1: Base on Balls
Batting: RHB Billy Verdusco 0-0: Called Strike
0-1: Ball
1-1: Ball
2-1: Grounds into double play, 4-6-3 (Groundball, 4, EV 106.2 MPH)
Batting: RHB Brandon O'Malley 0-0: Called Strike
0-1: Foul Ball, location: 2F
0-2: Strikes out looking
Bottom of the 7th over - 0 runs, 0 hits, 0 errors, 0 left on base; Spokane 7 - Connecticut 3
TOP OF THE 8TH
Spokane Indians batting - Pitching for Connecticut Tigers : LHP Neil Palazzo
Pitching: LHP Chris Thomas
Batting: LHB Ben Radach 0-0: Called Strike
0-1: Ball
1-1: Swinging Strike
1-2: Foul Ball, location: 2F
1-2: Foul Ball, location: 2F
1-2: Fly out, F8 (Line Drive, 8RD, EV 100.6 MPH)
Batting: RHB Jason Swisher 0-0: Ball
1-0: Ball
2-0: Ball
3-0: Called Strike
3-1: Foul Ball, location: 2F
3-2: Foul Ball, location: 2F
3-2: Strikes out swinging
Batting: RHB Rodolfo Contreras 0-0: Ball
1-0: Ball
2-0: Ball
3-0: Called Strike
3-1: Swinging Strike
3-2: Ground out 6-3 (Groundball, 6, EV 87.5 MPH)
Top of the 8th over - 0 runs, 0 hits, 0 errors, 0 left on base; Spokane 7 - Connecticut 3
BOTTOM OF THE 8TH
Connecticut Tigers batting - Pitching for Spokane Indians : RHP David Torres
Now at 1B: Roger Renteria
Batting: RHB Keith Hoffman 0-0: Ball
1-0: Foul Ball, location: 2F
1-1: Ground out 6-3 (Groundball, 6D, EV 100.0 MPH)
Batting: RHB Eric Angelle 0-0: SOLO HOME RUN (Flyball, 8RXD, EV 113.8 MPH), Distance : 456 ft
Batting: RHB Jon Goldstein 0-0: Swinging Strike
0-1: Foul Ball, location: 2F
0-2: Strikes out swinging
Batting: SHB Sean Foley 0-0: Ball
1-0: Ball
2-0: Called Strike
2-1: Called Strike
2-2: Ball
3-2: Strikes out looking
Bottom of the 8th over - 1 run, 1 hit, 0 errors, 0 left on base; Spokane 7 - Connecticut 4
TOP OF THE 9TH
Spokane Indians batting - Pitching for Connecticut Tigers : LHP Chris Thomas
Pitching: RHP Tony Kepp
Batting: LHB Mike Sammons 0-0: Called Strike
0-1: Ball
1-1: Ball
2-1: Foul Ball, location: 2F
2-2: Foul Ball, location: 2F
2-2: Ball
3-2: Base on Balls
Batting: RHB Garrison Feltham 0-0: Ball
Mike Sammons steals 2nd base
1-0: Ball
2-0: Bunt missed!
2-1: Sac Bunt to 25 - play at first, batter OUT! 5-4
Mike Sammons to third
Batting: RHB Alex Vasquez 0-0: Ball
1-0: Called Strike
1-1: Ball
2-1: Foul Ball, location: 2F
2-2: Ground out 6-3 (Groundball, 6, EV 77.5 MPH)
Mike Sammons scores
Batting: RHB Joe Kemp 0-0: Ball
1-0: Foul Ball, location: 2F
1-1: Ball
2-1: Swinging Strike
2-2: Strikes out looking
Top of the 9th over - 1 run, 0 hits, 0 errors, 0 left on base; Spokane 8 - Connecticut 4
BOTTOM OF THE 9TH
Connecticut Tigers batting - Pitching for Spokane Indians : RHP David Torres
Pitching: RHP Elvis Diaz
Now at 2B: Jose Sisneros
Now at SS: Alex Vasquez
Batting: RHB Tanner Purchase 0-0: Foul Ball, location: 2F
0-1: Ball
1-1: Foul Ball, location: 2F
1-2: Foul Ball, location: 2F
1-2: Ball
2-2: Strikes out swinging
Batting: RHB Tommy McDonald 0-0: Foul Ball, location: 2F
0-1: Swinging Strike
0-2: Ground out 6-3 (Groundball, P, EV 78.1 MPH)
Batting: RHB Mike Sebastian 0-0: Ball
1-0: Ball
2-0: Ball
3-0: Base on Balls
Batting: RHB Billy Verdusco 0-0: Ground out 4-3 (Groundball, 4, EV 87.5 MPH)
Bottom of the 9th over - 0 runs, 0 hits, 0 errors, 1 left on base; Spokane 8 - Connecticut 4
Thursday, March 31st , 2022 - OOTP Baseball 22.12 Build 89